 Dungeon Crawl Stone Soup version 0.16.2-12-gd0ad4c3 (webtiles) character file.

13502200 blider the End of an Era (level 27, 236/236 (253) HPs)
             Began as a Minotaur Fighter on Nov 14, 2015.
             Was the Champion of Qazlal.
             Escaped with the Orb
             ... and 15 runes on Nov 18, 2015!
             The game lasted 15:42:40 (119430 turns).

blider the End of an Era (Minotaur Fighter)       Turns: 119430, Time: 15:42:40

HP:   236/236 (253) AC: 50    Str: 30    XL:     27
MP:   51/51         EV: 26    Int:  7    God:    Qazlal [******]
Gold: 15827         SH: 42    Dex: 20    Spells: 0 memorised, 40 levels left

rFire  + + .     SeeInvis .     h - +9 sacred scourge (holy)
rCold  + + +     Clarity  .     T - +12 gold dragon armour
rNeg   + . .     SustAb   .     w - +6 large shield "Useis" {-Cast rElec rC- rN+ Regen+}
rPois  +         Gourm    .     (helmet restricted)
rElec  +         Spirit   .     Q - +1 cloak of Light {-Tele Str+3 Dex+5}
rCorr  .         Warding  .     o - +1 pair of gloves of the Vaults {-Tele rElec rF+ rC++}
rMut   +         NoTele   +     G - +2 pair of boots {Fly}
MR     ++...     NoCast   +     X - amulet of resist mutation
Stlth  ..........               W - ring of Gozag's Reproof {+Fly Str+2 Slay+5 Stlth-}
                                q - ring of Suspected Treachery {rC+ MP+9 Slay+3 Stlth+}

@: flying, repel missiles, very resistant to hostile enchantments, extremely
unstealthy
A: retaliatory headbutt, horns 2, rugged brown scales 1, blurry vision 1, clumsy
1, deterioration 1, frail 1, wild magic 2, evolution 1, no device heal 1
a: Upheaval, Elemental Force, Disaster Area, Renounce Religion, Stop Flying
0: Orb of Zot
}: 15/15 runes: decaying, serpentine, slimy, silver, golden, iron, obsidian,
icy, bone, abyssal, demonic, glowing, magical, fiery, dark


You escaped.
You worshipped Qazlal.
Qazlal was exalted by your worship.
You were not hungry.

You visited 18 branches of the dungeon, and saw 97 of its levels.
You visited Pandemonium 2 times, and saw 42 of its levels.
You visited the Abyss 1 time.
You visited 1 bazaar.
You also visited: Labyrinth, Bailey, Volcano and Wizlab.

You collected 18865 gold pieces.
You spent 3038 gold pieces at shops.

Inventory:

Hand weapons
 h - a +9 sacred scourge of holy wrath (weapon)
 F - the +7 war axe of Veill {venom, Noisy Str+4 Dex+2}
   (You found it on level 2 of the Depths)

   It poisons the flesh of those it strikes.
   It affects your strength (+4).
   It affects your dexterity (+2).
   It may make noises in combat.
Missiles
 s - 28 tomahawks of returning (quivered)
 t - 20 poisoned tomahawks
 C - 10 javelins
Armour
 o - the +1 pair of gloves of the Vaults (worn) {-Tele rElec rF+ rC++}
   (You found it in Pandemonium)

   It protects you from fire.
   It greatly protects you from cold.
   It insulates you from electricity.
   It prevents most forms of teleportation.
 w - the +6 large shield "Useis" (worn) {-Cast rElec rC- rN+ Regen+}
   (You acquired it on level 6 of the Lair of Beasts)

   It makes you vulnerable to cold.
   It insulates you from electricity.
   It protects you from negative energy.
   It prevents spellcasting.
   It increases your rate of regeneration.
 G - a +2 pair of boots of flying (worn)
 Q - the +1 cloak of Light (worn) {-Tele Str+3 Dex+5}
   (You found it in a wizard's laboratory)

   It affects your strength (+3).
   It affects your dexterity (+5).
   It prevents most forms of teleportation.
 T - a +12 gold dragon armour (worn)
Jewellery
 e - an uncursed amulet of warding
 p - the ring "Ypuejist" {rC+ rN+ Str+4 Int-3 Slay+2}
   (You found it in Pandemonium)

   [ring of protection from cold]

   It affects your strength (+4).
   It affects your intelligence (-3).
   It affects your accuracy and damage with ranged weapons and melee attacks
   (+2).
   It protects you from cold.
   It protects you from negative energy.
 q - the ring of Suspected Treachery (left hand) {rC+ MP+9 Slay+3 Stlth+}
   (You took it off a deep elf high priest on level 3 of the Elven Halls)

   [ring of protection from cold]

   It affects your accuracy and damage with ranged weapons and melee attacks
   (+3).
   It protects you from cold.
   It affects your magic capacity (+9).
   It makes you more stealthy.
 x - the amulet "Ziuduz" {Gourm Str+6 Int+3}
   (You found it on level 2 of the Depths)

   [amulet of the gourmand]

   It allows you to eat raw meat even when not hungry.
   It affects your strength (+6).
   It affects your intelligence (+3).
 R - the ring of Xom's Whimsicality {SustAb rN+ Int-3 Stlth+}
   (You found it on level 3 of the Tomb of the Ancients)

   [ring of sustain abilities]

   It sustains your strength, intelligence and dexterity.
   It affects your intelligence (-3).
   It protects you from negative energy.
   It makes you more stealthy.
 W - the ring of Gozag's Reproof (right hand) {+Fly Str+2 Slay+5 Stlth-}
   (You found it on level 4 of the Lair of Beasts)

   [ring of strength]

   It affects your strength (+2).
   It affects your accuracy and damage with ranged weapons and melee attacks
   (+5).
   It lets you fly.
   It makes you less stealthy.
 X - an amulet of resist mutation (around neck)
Magical devices
 d - a wand of fire (5)
 i - a wand of hasting (4)
 k - a wand of fireball (6)
 z - a wand of cold (5)
 A - a wand of digging (7)
 D - a wand of heal wounds (9)
 E - a wand of disintegration (8)
 L - a wand of invisibility (5)
Scrolls
 a - 27 scrolls of teleportation
 b - 9 scrolls of blinking
 g - 24 scrolls of remove curse
 l - 44 scrolls of identify
 u - a scroll of summoning
 H - 12 scrolls of recharging
 M - 3 scrolls of holy word
 V - 13 scrolls of magic mapping
Potions
 c - 3 potions of might
 j - 14 potions of cancellation
 m - 20 potions of curing
 I - 7 potions of restore abilities
 S - 5 potions of resistance
 Y - 7 potions of heal wounds
 Z - 8 potions of agility
Miscellaneous
 f - a legendary deck of changes {drawn: 5}
 v - a fan of gales
 y - a lamp of fire
 B - 9 phantom mirrors
 J - a legendary deck of changes {drawn: 2}
 K - a stone of tremors
 O - a phial of floods
Comestibles
 n - 4 fruits
 r - 45 bread rations


   Skills:
 O Level 27 Fighting
 - Level 21.0(22.6) Axes
 - Level 15.9(20.2) Maces & Flails
 O Level 27 Throwing
 O Level 27 Armour
 O Level 27 Dodging
 - Level 11.0 Stealth
 O Level 27 Shields
 + Level 7.4 Spellcasting
 O Level 27 Invocations
 O Level 27 Evocations


You had 40 spell levels left.
You didn't know any spells.

Dungeon Overview and Level Annotations

Branches:
Dungeon (15/15)            Temple (1/1) D:6            Lair (8/8) D:8
  Swamp (5/5) Lair:3        Snake (5/5) Lair:3        Slime (6/6) Lair:8
    Orc (4/4) D:10            Elf (3/3) Orc:3        Vaults (5/5) D:14
  Crypt (3/3)                Tomb (3/3) Crypt:3      Depths (5/5) D:15
   Hell (1/1)                 Dis (7/7) Hell            Geh (7/7) Hell
    Coc (7/7) Hell            Tar (7/7) Hell            Zot (5/5) Depths:5

Altars:
Ashenzari
Cheibriados
Dithmenos
Elyvilon
Fedhas
Gozag
Kikubaaqudgha
Makhleb
Nemelex Xobeh
Okawaru
Qazlal
Ru
Sif Muna
Trog
Vehumet
Xom
Yredelemnul
Zin
The Shining One
Beogh

Shops:
D:5 %:(   D:12 :   Orc:1 ?   Orc:2 (   Orc:4 [*[[(   Snake:2 *   Snake:5 :
Vaults:1 *   Vaults:3 ([:   Vaults:5 [

Portals:
Hell: Depths:1 Depths:2 Depths:3 Depths:4 Depths:5
Abyss: Depths:2 Depths:4 Depths:5
Pandemonium: Depths:3
Ziggurat: Depths:4
Trove: Elf:3 (give wand of heal wounds (8))

Annotations:
Depths:4 1 runed door


Innate Abilities, Weirdness & Mutations

You reflexively headbutt those who attack you in melee.
You have a pair of horns on your head.
You are partially covered in rugged brown scales (AC +1, +3% HP).
Scrolls take you a little longer to read.
You are clumsy. (Dex -2)
Your body is slowly deteriorating.
You are frail (-10% HP).
Your spells are harder to cast, but more powerful.
You evolve.
Potions and wands are less effective at restoring your health.


Message History

You repair your equipment.
You fly upwards.
You sense a powerful magical force warping space.
There is a stone staircase leading down, spattered with blood here.
You punish the sixfirhy, causing immense pain!!!
You kill the sixfirhy!
Qazlal accepts your kill.
No target in view!
A rat comes into view.
You thrash the rat!!
You kill the rat!
Qazlal accepts your kill.
No target in view!
No target in view!
No target in view!
There is an open door here.
A chaos spawn comes into view.
There is an open door here.
There is a staircase leading out of the dungeon here.
You have escaped!

#....###..##.###.#####........
#....#...###.#...#...#.....###
#...##.#####.#.###.#.##.......
#..'##.####..#.....#..#+...###
#..#.#......##.######..#...###
#.##.######..#.##...#####.....
#.##....# ##+#'##.#.#...#.....
#.###.#.####...##.#.#.#.#..##.
#.'.#.#.#..'§@.'..#.#.#.'..##.
#.#.#.#.#.##§.§##.#.#.###(.##.
#.#...#.#.##'#'##.#...# #..##.
#.#####...##.#..#.#######..##.
#..#..######.##.#......#......
#..'#..#.....#..####.##+......
#...##.#.###.#.#####.##....)..
#....#...#...#.###...#........
#....#####.###.##..###........


There were no monsters in sight!

Vanquished Creatures
  Antaeus (Coc:7)
  Asmodeus (Geh:7)
  Cerebov (Pan)
  the Serpent of Hell (Dis:7)
  the royal jelly (Slime:6)
  Ereshkigal (Tar:7)
  Gloorx Vloq (Pan)
  Mnoleg (Pan)
  2 seraphim
  15 pandemonium lords
  Dispater (Dis:7)
  Lom Lobon (Pan)
  Khufu (Crypt:1)
  9 orbs of fire
  4 ancient liches
  The ghost of Peloso the Swordmaster, a great MiFi of Okawaru (Vaults:5)
  30 greater mummies
  The ghost of Kloppie the Executioner, a great MiBe of Trog (Slime:6)
  The ghost of RepoMan the Executioner, a great MiWr of Dithmenos (Slime:6)
  Sojobo (Crypt:1)
  7 shard shrikes
  the Lernaean hydra (Swamp:5)
  Saint Roka (Swamp:3)
  A caustic shrike (Depths:3)
  6 Killer Klowns
  2 curse toes
  Mara (Crypt:1)
  Geryon (Hell)
  Jory (Vaults:3)
  11 golden dragons
  3 profane servitors
  Xtahua (Vaults:3)
  15 bone dragons
  3 pearl dragons
  Frederick (Vaults:4)
  the Enchantress (Depths:5)
  27 Brimstone Fiends
  4 electric golems
  15 tentacled monstrosities
  21 Hell Sentinels
  26 Ice Fiends
  28 Orb Guardians
  Vashnia (Snake:2)
  12 liches
  5 titans
  30 Shadow Fiends
  Asterion (Snake:5)
  2 deep elf blademasters (Elf:3)
  4 quicksilver dragons
  28 acid blobs
  2 deep elf master archers (Elf:3)
  8 eldritch tentacles
  37 Executioners
  5 ancient champions
  8 sphinxes
  9 tentacled starspawn
  The ghost of Zeloya the Hand of Fortune, a mighty KoAs of Nemelex Xobeh (Snake:5)
  Rupert (Elf:1)
  15 warmongers (Pan)
  Agnes (Snake:2)
  9 storm dragons
  Kirke (Elf:2)
  10 shadow dragons
  5 draconian monks
  7 fire giants
  Frances (Vaults:4)
  5 revenants
  6 tengu reavers
  17 azure jellies
  17 daevas
  11 greater nagas
  Donald (Crypt:2)
  Wiglaf (Vaults:3)
  12 iron dragons
  Maud (Lair:5)
  3 draconian scorchers
  Aizul (Snake:2)
  Louise (Swamp:3)
  5 draconian knights
  7 emperor scorpions
  4 curse skulls
  9 deep elf sorcerers
  3 ghost moths
  5 draconian zealots
  14 frost giants
  2 orc warlords
  7 ghouls
  31 cacodemons
  13 vault wardens
  35 angels
  32 balrugs
  21 stone giants
  33 war gargoyles
  9 draconian annihilators
  14 ironheart preservers
  5 corrupters (Pan)
  14 ophanim (Pan)
  100 reapers
  2 draconian shifters
  2 draconian callers
  4 elemental wellsprings
  18 very ugly things
  4 vampire knights
  5 grey draconians
  24 apis (Pan)
  4 black draconians
  11 blood saints (Pan)
  5 spriggan defenders
  12 deep elf demonologists
  20 lorocyprocas
  7 green draconians
  16 starcursed masses
  15 salamander firebrands
  13 deep elf annihilators
  3 dire elephants
  Azrael (D:15)
  6 bennus
  10 red draconians
  11 white draconians
  13 black suns (Pan)
  15 chaos champions (Pan)
  10 pale draconians
  4 eidola
  14 mottled draconians
  5 yellow draconians
  9 purple draconians
  34 blizzard demons
  3 unborn
  Snorg (Lair:5)
  38 vault guards
  A very ugly thing zombie (Depths:2)
  29 mummy priests
  19 ettins
  6 deep elf death magi
  4 crystal guardians
  28 green deaths
  8 quicksilver dragon zombies
  13 death oozes
  Josephine (Orc:2)
  26 fire dragons
  A kraken zombie (Hell)
  4 minotaurs
  2 spectral krakens (Tar:7)
  17 jiangshi
  15 yaktaur captains
  14 ogre magi
  4 catoblepae
  Fannar (Lair:8)
  11 death cobs
  Harold (Lair:5)
  8 quicksilver dragon skeletons
  11 great orbs of eyes
  4 deep elf high priests
  27 hell beasts
  19 naga warriors
  10 rakshasas
  29 ice dragons
  16 monstrous demonspawn (Pan)
  5 spriggan air magi
  4 ghost crabs
  34 hydras
  Erica (Lair:2)
  21 anacondas
  18 dancing weapons (Elf:2)
  17 centaur warriors
  18 hell hogs
  3 alligators
  3 death knights
  2 tengu warriors (Depths:2)
  11 deep troll shamans
  A spectral fire giant (Crypt:1)
  An alligator (shapeshifter) (Depths:2)
  33 death yaks
  The ghost of Kloppie the Basher, a powerful VSBe of Trog (Lair:1)
  3 vampire magi
  A spriggan berserker (Depths:3)
  An orc high priest (Elf:1)
  5 deep troll earth magi
  8 thrashing horrors
  Urug (Orc:3)
  11 titan zombies
  16 naga sharpshooters
  The ghost of Kloppie the Spear-Bearer, an experienced MiBe of Trog (Bailey)
  5 shock serpents
  10 spriggans
  7 storm dragon zombies
  A fire crab (shapeshifter) (Vaults:3)
  Nergalle (D:15)
  56 sun demons
  16 iron golems
  56 soul eaters
  19 shadow wraiths
  A quicksilver dragon simulacrum (Crypt:3)
  21 deep elf knights
  4 wretched stars (Abyss:3)
  6 titan skeletons
  16 iron trolls
  A kraken simulacrum (Hell)
  201 skeletal warriors
  5 death drakes
  19 gelid demonspawn (Pan)
  A spatial maelstrom (Abyss:3)
  58 ice devils
  39 deep trolls
  8 golden dragon zombies
  15 hell knights
  7 storm dragon skeletons
  51 death scarabs
  19 cherubim
  33 shadow demons
  3 sea snakes
  6 salamander mystics
  11 swamp dragons
  A fire crab (Lair:7)
  13 torturous demonspawn (Pan)
  3 lindwurms (Depths:2)
  19 infernal demonspawn (Pan)
  15 anaconda zombies
  4 tengu zombies
  5 ghost moth zombies
  3 unseen horrors
  An ice statue (Hell)
  7 harpies
  21 anubis guards
  2 shambling mangroves
  A giant orange brain (shapeshifter) (Vaults:3)
  2 obsidian statues
  6 giant orange brains
  10 golden dragon skeletons
  Pikel (D:5)
  The ghost of Peloso the Covered, an experienced MiFi of Okawaru (D:6)
  A harpy (shapeshifter) (Depths:2)
  15 mana vipers
  12 deep elf summoners
  16 ironbrand convokers
  5 naga ritualists
  9 anaconda skeletons
  11 shadow dragon zombies
  6 wolf spider zombies
  24 flayed ghosts
  6 hill giants
  14 putrid demonspawn (Pan)
  9 griffons
  An ugly thing zombie (Depths:2)
  13 orc knights
  4 shadow dragon skeletons
  10 wizards
  2 deathcaps (Zot:3)
  A spectral ettin (Crypt:1)
  2 draconian zombies (Zot:4)
  9 fire giant zombies
  21 salamanders
  11 necromancers
  5 iron dragon zombies
  A spectral ice dragon (Pan)
  22 moths of wrath
  50 ugly things
  18 worldbinders
  3 hornets
  34 phantasmal warriors
  A spectral fire dragon (Crypt:3)
  5 wolf spiders
  6 manticores
  13 frost giant zombies
  11 stone giant zombies
  4 shining eyes
  22 deep elf conjurers
  4 orc sorcerers
  A hornet (shapeshifter) (Vaults:2)
  10 elephants (Lair:8)
  55 sixfirhies
  5 cyclopes
  9 iron dragon skeletons
  10 dire elephant zombies
  An elf zombie (Vaults:5)
  Maurice (Orc:2)
  3 centaur zombies
  2 shock serpent zombies
  22 naga magi
  An alligator snapping turtle zombie (Crypt:1)
  6 fire giant skeletons
  12 guardian serpents
  72 smoke demons
  19 molten gargoyles
  8 frost giant skeletons
  3 eyes of devastation
  A torpor snail (shapeshifter) (Depths:2)
  An apocalypse crab (Abyss:3)
  12 stone giant skeletons
  3 storm dragon simulacra
  2 gargoyles
  A shock serpent skeleton (Coc:6)
  21 spiny frogs
  51 rust devils
  44 hellions
  59 black mambas
  4 torpor snails
  An orange crystal statue (Depths:2)
  13 spectral swamp worms (Tar:7)
  14 vault sentinels
  47 orange demons
  A spiny frog (shapeshifter) (Abyss:3)
  A titan simulacrum (Coc:7)
  5 centaur skeletons
  12 efreet
  5 emperor scorpion zombies
  7 komodo dragons
  A yellow draconian zombie (Geh:1)
  3 dire elephant skeletons
  A pale draconian zombie (Zot:4)
  2 eyes of devastation (shapeshifter)
  63 yaktaurs
  7 anaconda simulacra
  A redback zombie (D:13)
  42 hellwings
  A red draconian zombie (Zot:4)
  5 catoblepas zombies
  2 white draconian zombies (Zot:4)
  A yaktaur zombie (Vaults:5)
  5 kobold demonologists
  64 tormentors
  A golden dragon simulacrum (Tomb:2)
  60 large abominations
  3 jumping spiders
  5 ancient zymes
  A jumping spider (shapeshifter) (Vaults:2)
  18 demonic crawlers
  56 red devils
  2 tengu conjurers
  8 harpy zombies
  The ghost of Peloso the Shield-Bearer, an average MiFi (D:5)
  3 minotaur zombies
  6 trolls
  10 human zombies
  7 deep elf priests
  A merfolk (shapeshifter) (Depths:4)
  51 freezing wraiths
  5 silent spectres
  8 wandering mushrooms
  55 blue devils
  5 fire drakes
  39 guardian mummies
  2 catoblepas skeletons
  A moth of wrath zombie (Zot:4)
  A queen bee (shapeshifter) (Vaults:2)
  30 two-headed ogres
  24 hydra zombies
  Grinder (D:5)
  A wind drake (WizLab)
  2 fire vortices (Geh:7)
  2 wind drakes (shapeshifter)
  12 ushabtiu
  8 air elementals
  A death drake skeleton (Crypt:2)
  16 raiju (Abyss:3)
  8 giant leeches
  5 hydra skeletons
  4 bog bodies
  182 slime creatures
  10 alligator zombies
  7 harpy skeletons
  17 ravens
  8 fire dragon zombies
  18 blink frogs
  13 ettin zombies
  7 ice dragon zombies
  11 boulder beetles
  57 wraiths
  201 flying skulls
  6 alligator skeletons
  35 deep elf magi
  9 ettin skeletons
  8 basilisks
  A tarantella (Vaults:3)
  2 trapdoor spiders (Depths:1)
  53 yaks
  3 black mamba zombies
  23 vampires
  41 shadows
  A dire elephant simulacrum (Tomb:1)
  8 ice dragon skeletons
  A human (D:10)
  12 redbacks
  5 fire dragon skeletons
  9 wyverns
  12 water elementals
  22 hippogriffs
  36 neqoxecs
  The ghost of Klogten the Skirmisher, an average FoAK of Lugonu (D:4)
  8 fire bats
  32 fire elementals
  3 hogs (Elf:2)
  3 wolves (Lair:2)
  4 black mamba skeletons
  9 chaos spawn
  2 steam dragons
  38 deep elf fighters
  15 hungry ghosts
  13 golden eyes
  A hill giant skeleton (Crypt:2)
  45 nagas
  A soldier ant (D:12)
  11 spatial vortices
  A water nymph zombie (Crypt:2)
  31 ynoxinuls
  9 wargs
  40 water moccasins
  4 mottled dragons
  A putrid demonspawn zombie (Crypt:1)
  20 spiny frog zombies
  73 hell hounds
  8 insubstantial wisps
  35 swamp worms
  A merfolk zombie (Dis:3)
  A spectral spiny frog (Tomb:3)
  36 vampire mosquitoes
  8 hydra simulacra
  11 porcupines
  A merfolk skeleton (Geh:7)
  4 snapping turtle zombies
  16 ice beasts
  An anubis guard zombie (Crypt:1)
  7 phantoms
  19 swamp drakes
  65 orc warriors
  3 swamp dragon zombies
  10 wasps
  5 spiny frog skeletons
  An alligator simulacrum (Coc:2)
  A black bear (Lair:4)
  10 eyes of draining
  39 necrophages
  2 manticore zombies
  4 sky beasts
  An elephant zombie (Crypt:2)
  52 ogres
  4 snapping turtle skeletons
  An ettin simulacrum (Coc:3)
  A boring beetle (Lair:6)
  2 boring beetles (shapeshifter)
  A fire dragon simulacrum (Coc:3)
  20 centaurs
  4 manticore skeletons
  21 crocodiles
  A swamp dragon skeleton (Coc:7)
  2 boggarts
  9 big kobolds
  Sigmund (D:6)
  3 brain worms (Pan)
  28 giant frogs
  2 lost souls
  An earth elemental (Abyss:3)
  An elf skeleton (Geh:7)
  A spiny frog simulacrum (Coc:7)
  A gnoll sergeant (D:6)
  2 hell hound zombies (Hell)
  A yaktaur skeleton (Depths:2)
  15 killer bees
  A scorpion (shapeshifter) (Depths:1)
  3 wyvern skeletons
  2 spriggan zombies
  18 small abominations
  A human simulacrum (Vaults:3)
  5 scorpions
  2 spriggan skeletons
  105 wights
  3 vampire bats (D:3)
  13 crimson imps
  2 troll skeletons
  2 giant frog zombies
  A goliath beetle (Depths:5)
  9 electric eels
  44 iron imps
  13 hounds
  42 jellies
  4 giant frog skeletons
  Crazy Yiuf (D:6)
  46 orc priests
  A black bear zombie (Crypt:1)
  2 gnoll shamans (D:6)
  A human skeleton (Crypt:1)
  5 quasits
  A troll simulacrum (Tar:6)
  10 worker ants
  10 iguanas
  48 orc wizards
  9 hell rats
  2 spectral orcs (D:15)
  3 ogre zombies
  48 sheep
  A deep dwarf skeleton (Crypt:1)
  3 naga skeletons
  2 tengu skeletons
  61 mummies
  2 hound skeletons
  A worker ant zombie (D:7)
  46 gnolls
  44 river rats
  24 adders
  2 giant mites
  20 white imps
  18 shadow imps
  59 ufetubi
  5 worms
  A giant gecko (D:8)
  263 orcs
  3 bat skeletons
  4 bat zombies (D:3)
  6 giant cockroaches
  34 goblins
  37 hobgoblins
  11 quokkas
  A ball python (D:3)
  13 bats
  5 giant newts
  A gnoll skeleton (Crypt:2)
  A hobgoblin skeleton (Crypt:2)
  18 jackals
  32 kobolds
  An orc skeleton (Geh:5)
  2 orc zombies
  17 rats
  6 ballistomycetes (D:15)
  6 bushes (Abyss:3)
  4 butterflies (Geh:7)
  4 crawling corpses (Vaults:4)
  102 fungi
  9 grand avatars (Pan)
  59 plants
  6 starspawn tentacles (Abyss:3)
  6 tentacles
7243 creatures vanquished.

Vanquished Creatures (collateral kills)
  A jiangshi (Crypt:1)
  A hungry ghost (Crypt:1)
  A naga (Snake:4)
3 creatures vanquished.

Vanquished Creatures (others)
  An Ice Fiend (Coc:7)
  2 eldritch tentacles
  An Executioner (Pan)
  A tengu reaver (Crypt:1)
  A draconian scorcher (Depths:2)
  A reaper (Coc:6)
  A blood saint (Pan)
  A hell beast (Pan)
  An ogre mage (Vaults:2)
  14 death scarabs
  A soul eater (Tar:7)
  A skeletal warrior (Dis:2)
  5 ball lightnings (Pan)
  A torturous demonspawn (Pan)
  A sixfirhy (Pan)
  A smoke demon (Pan)
  2 hellwings (Pan)
  A tormentor (Dis:7)
  A blue devil (Pan)
  A human zombie (Vaults:5)
  A hydra skeleton (Geh:7)
  A spriggan (Swamp:5)
  2 flying skulls
  4 air elementals
  A wraith (Coc:7)
  An ettin skeleton (Tomb:2)
  A naga (Snake:2)
  2 human skeletons
  A spiny frog zombie (Geh:7)
  A small abomination (Geh:7)
  2 hell hounds
  A slave (D:5)
  An orc warrior (Volcano)
  A wasp (Swamp:5)
  2 ogres
  6 lost souls
  2 giant frogs (D:15)
  An earth elemental (Snake:4)
  A wight (Geh:3)
  A centaur zombie (Hell)
  An iron imp (Dis:7)
  An orc wizard (D:5)
  A hell rat (Elf:2)
  An ogre zombie (Vaults:5)
  9 mummies
  4 ufetubi
  3 orcs
  2 giant spores (D:15)
  A kobold (D:5)
  2 lurking horrors (Abyss:3)
  An orc skeleton (Geh:2)
  A rat (D:5)
  A bush (Abyss:3)
  2315 eldritch tentacle segments
  23 fungi
  15 plants
  2 singularities (Pan)
  12 starspawn tentacles
  42 starspawn tentacle segments (Abyss:3)
  14 tentacles
  330 tentacle segments
2853 creatures vanquished.

Grand Total: 10099 creatures vanquished

Notes
Turn   | Place    | Note
--------------------------------------------------------------
     0 | D:1      | blider, the Minotaur Fighter, began the quest for the Orb.
     0 | D:1      | Reached XP level 1. HP: 19/19 MP: 1/1
    76 | D:1      | Reached XP level 2. HP: 20/27 MP: 1/1
   149 | D:1      | Reached skill level 4 in Fighting
   752 | D:2      | Reached XP level 3. HP: 32/34 MP: 2/2
  1505 | D:3      | Reached XP level 4. HP: 24/41 MP: 2/2
  1703 | D:3      | Found an ancient bone altar of Kikubaaqudgha.
  1715 | D:3      | Reached skill level 5 in Fighting
  1715 | D:3      | Reached XP level 5. HP: 35/48 MP: 2/2
  1742 | D:3      | Reached skill level 5 in Axes
  1804 | D:3      | Found a stormy altar of Qazlal.
  1986 | D:4      | Reached XP level 6. HP: 49/56 MP: 3/3
  2056 | D:4      | Reached skill level 5 in Armour
  2191 | D:4      | Reached skill level 5 in Shields
  2285 | D:4      | Noticed Klogten's ghost (average FoAK)
  2588 | D:4      | Reached skill level 6 in Axes
  2621 | D:4      | Noticed an ogre
  2627 | D:4      | Killed an ogre
  2627 | D:4      | Reached XP level 7. HP: 61/61 MP: 3/3
  2698 | D:5      | Entered Level 5 of the Dungeon
  2724 | D:5      | Noticed Peloso's ghost (average MiFi)
  2748 | D:5      | Killed Peloso's ghost
  2748 | D:5      | Reached skill level 7 in Axes
  2767 | D:5      | Found Jeewku's Food Shop.
  2785 | D:5      | Found a deep blue altar of Sif Muna.
  2795 | D:5      | Found Tuarrytt's Book Shoppe.
  2828 | D:5      | Found Deibiam's Antique Weapon Boutique.
  2900 | D:5      | Noticed Pikel
  2922 | D:5      | Killed Pikel
  2922 | D:5      | Reached skill level 8 in Axes
  2922 | D:5      | Reached XP level 8. HP: 63/71 MP: 3/3
  2965 | D:5      | Noticed Grinder
  2972 | D:5      | Killed Grinder
  2972 | D:5      | Reached skill level 9 in Axes
  3518 | D:6      | Noticed Peloso's ghost (experienced MiFi)
  3536 | D:6      | Killed Peloso's ghost
  3536 | D:6      | Reached XP level 9. HP: 57/79 MP: 4/4
  3654 | D:6      | Noticed Crazy Yiuf
  3663 | D:6      | Killed Crazy Yiuf
  3787 | D:6      | Reached skill level 10 in Axes
  3992 | D:6      | Reached skill level 1 in Evocations
  4392 | D:6      | Reached skill level 11 in Axes
  4542 | D:6      | Found a staircase to the Ecumenical Temple.
  4549 | Temple   | Entered the Ecumenical Temple
  4783 | D:6      | Noticed Sigmund
  4789 | D:6      | Killed Sigmund
  5002 | D:3      | Became a worshipper of Qazlal Stormbringer
  5349 | D:4      | Killed Klogten's ghost
  5349 | D:4      | Reached XP level 10. HP: 48/88 MP: 7/8
  5531 | D:7      | Found a sacrificial altar of Ru.
  6082 | D:7      | Acquired Qazlal's first power
  6262 | D:8      | Reached skill level 12 in Axes
  6579 | D:8      | Found a staircase to the Lair.
  6588 | D:8      | Found a stormy altar of Qazlal.
  6588 | D:8      | Found a shadowy altar of Dithmenos.
  6590 | D:8      | Found a sparkling altar of Nemelex Xobeh.
  6595 | D:8      | Reached skill level 1 in Invocations
  6599 | D:8      | Found an opulent altar of Gozag.
  6600 | D:8      | Found a shimmering altar of Xom.
  6600 | D:8      | Found a bloodstained altar of Trog.
  6602 | D:8      | Found a radiant altar of Vehumet.
  6604 | D:8      | Found a shattered altar of Ashenzari.
  6605 | D:8      | Found a basalt altar of Yredelemnul.
  7071 | D:9      | You fall through a shaft for 3 floors!
  7107 | D:12     | Acquired Qazlal's second power
  7316 | D:11     | Found a flagged portal.
  7365 | Bailey   | Entered a bailey
  7509 | Bailey   | Noticed Kloppie's ghost (experienced MiBe)
  7553 | Bailey   | Killed Kloppie's ghost
  7553 | Bailey   | Acquired Qazlal's third power
  7553 | Bailey   | Reached XP level 11. HP: 27/97 MP: 11/11
  7710 | Bailey   | Noticed an orc warlord
  7712 | Bailey   | Noticed an orc knight
  7754 | Bailey   | Noticed an orc knight
  7772 | Bailey   | Killed an orc knight
  7782 | Bailey   | Killed an orc warlord
  7782 | Bailey   | Reached skill level 5 in Invocations
  7784 | Bailey   | Killed an orc knight
  7784 | Bailey   | Reached skill level 10 in Shields
  8368 | D:11     | Acquired Qazlal's fourth power
  8368 | D:11     | Reached skill level 10 in Armour
  8645 | D:11     | Reached skill level 13 in Axes
  8965 | D:12     | Noticed a hill giant
  8972 | D:12     | Noticed an eight-headed hydra
  8976 | D:11     | Killed a hill giant
  8988 | D:10     | Entered Level 10 of the Dungeon
  8994 | D:10     | Noticed a hill giant
  9116 | D:10     | Killed a hill giant
  9227 | D:10     | Reached XP level 12. HP: 77/104 MP: 18/18
  9233 | D:10     | Acquired Qazlal's fifth power
  9353 | D:10     | Found a staircase to the Orcish Mines.
  9442 | D:10     | Got a distressingly furry ring mail
  9462 | D:10     | Reached skill level 14 in Axes
  9775 | D:9      | Noticed a centaur warrior
  9782 | D:9      | Killed a centaur warrior
 10059 | Lair:1   | Entered Level 1 of the Lair of Beasts
 10076 | Lair:1   | Noticed a six-headed hydra
 10092 | Lair:1   | Killed a six-headed hydra
 10197 | Lair:1   | Noticed a seven-headed hydra
 10212 | Lair:1   | Killed a seven-headed hydra
 10429 | Lair:1   | Noticed Kloppie's ghost (powerful VSBe)
 10456 | Lair:1   | Killed Kloppie's ghost
 10693 | Lair:2   | Reached skill level 10 in Invocations
 10814 | Lair:2   | Noticed Erica
 10823 | Lair:2   | Killed Erica
 11315 | Lair:2   | Reached XP level 13. HP: 54/111 MP: 24/24
 11343 | Lair:1   | Noticed a five-headed hydra
 11356 | Lair:1   | Killed a one-headed hydra
 12152 | Lair:2   | Identified the +5 ring mail "Choph" {+Inv MR- Dex-2 Slay+2 Stlth+} (You found it on level 10 of the Dungeon)
 12833 | Orc:1    | Entered Level 1 of the Orcish Mines
 12914 | Orc:1    | Found Fraxuari's Magic Scroll Emporium.
 12944 | Orc:1    | Found a dark tunnel.
 12959 | Volcano  | Entered a volcano
 13720 | Orc:2    | Found Waaqabbu's Antique Weapon Shop.
 13922 | Orc:2    | Noticed Maurice
 13929 | Orc:2    | Killed Maurice
 14152 | Orc:3    | Found a staircase to the Elven Halls.
 14165 | Orc:3    | Noticed Urug
 14179 | Orc:3    | Killed Urug
 14622 | Orc:2    | Noticed Josephine
 14631 | Orc:2    | Killed Josephine
 15093 | Orc:4    | Entered Level 4 of the Orcish Mines
 15110 | Orc:4    | Found a labyrinth entrance.
 15153 | Lab      | Entered a labyrinth
 15775 | Lab      | Identified the Disquisition on Ghastly Creation (You found it in a labyrinth)
 15977 | Orc:4    | Found a roughly hewn altar of Beogh.
 16129 | Orc:4    | Noticed an orc warlord
 16157 | Orc:4    | Killed an orc warlord
 16159 | Orc:4    | Gained mutation: You are weak. (Str -2) [potion of mutation]
 16159 | Orc:4    | Gained mutation: You are partially covered in rugged brown scales (AC +1, +3% HP). [potion of mutation]
 16159 | Orc:4    | Gained mutation: You have an increased reservoir of magic (+10% MP). [potion of mutation]
 16252 | Orc:4    | Found Pseitek's Armour Shop.
 16376 | Orc:4    | Found a roughly hewn altar of Beogh.
 16485 | Orc:4    | Found a roughly hewn altar of Beogh.
 16497 | Orc:4    | Found Kiumpuuz's Antique Armour Shop.
 16694 | Orc:4    | Found a roughly hewn altar of Beogh.
 16786 | Orc:4    | Found Nuyskuzu's Assorted Antiques.
 16861 | Orc:4    | Found a roughly hewn altar of Beogh.
 16946 | Orc:4    | Found a roughly hewn altar of Beogh.
 16992 | Orc:4    | Found a roughly hewn altar of Beogh.
 17066 | Orc:4    | Found a roughly hewn altar of Beogh.
 17066 | Orc:4    | Found Qeivu's Antique Armour Shop.
 17068 | Orc:4    | Found Bofypauwn's Antique Weapon Boutique.
 17234 | Orc:4    | Bought a pair of glowing boots for 103 gold pieces
 17996 | Lair:3   | Found a staircase to the Swamp.
 18259 | Lair:3   | Found a staircase to the Snake Pit.
 18271 | Lair:3   | Noticed a seven-headed hydra
 18279 | Lair:3   | Killed a four-headed hydra
 18279 | Lair:3   | Reached XP level 14. HP: 114/121 MP: 29/29
 18773 | Swamp:1  | Entered Level 1 of the Swamp
 19990 | Swamp:2  | Reached skill level 15 in Axes
 20376 | Swamp:3  | Reached skill level 10 in Fighting
 20427 | Swamp:3  | Noticed Louise
 20450 | Swamp:3  | Killed Louise
 20479 | Swamp:3  | Noticed a tentacled monstrosity
 20525 | Swamp:3  | Killed a tentacled monstrosity
 20525 | Swamp:3  | Reached skill level 16 in Axes
 20770 | Snake:1  | Entered Level 1 of the Snake Pit
 21140 | Snake:1  | Reached skill level 15 in Shields
 21699 | Snake:2  | Noticed Vashnia
 21732 | Snake:2  | Reached XP level 15. HP: 124/129 MP: 30/30
 21746 | Snake:2  | Noticed Agnes
 21769 | Snake:2  | Killed Vashnia
 21777 | Snake:2  | Killed Agnes
 21893 | Snake:2  | Noticed Aizul
 21908 | Snake:2  | Killed Aizul
 21912 | Snake:2  | Gained mutation: Armour fits poorly on your strangely shaped body. [mutagenic meat]
 21913 | Snake:2  | Gained mutation: Your spells are a little easier to cast, but a little less powerful. [mutagenic meat]
 21914 | Snake:2  | Gained mutation: You can spit poison. [mutagenic meat]
 21934 | Snake:2  | Lost mutation: You have an increased reservoir of magic (+10% MP). [potion of mutation]
 21934 | Snake:2  | Lost mutation: You are weak. (Str -2) [potion of mutation]
 22319 | Snake:2  | Found Pyistah's Assorted Antiques.
 22415 | Snake:2  | Reached skill level 15 in Armour
 23267 | Snake:3  | Found a glowing golden altar of the Shining One.
 23781 | Snake:4  | Reached skill level 15 in Invocations
 24675 | Snake:5  | Entered Level 5 of the Snake Pit
 24694 | Snake:5  | Reached XP level 16. HP: 106/138 MP: 30/30
 24882 | Snake:5  | Noticed Asterion
 24897 | Snake:5  | Noticed a spectral weapon
 24905 | Snake:5  | Killed Asterion
 25257 | Snake:5  | Found Xoes' Book Shop.
 26227 | Snake:5  | Noticed Zeloya's ghost (mighty KoAs)
 26297 | Snake:5  | Killed Zeloya's ghost
 26552 | Snake:5  | Reached skill level 15 in Fighting
 26619 | Snake:5  | Reached XP level 17. HP: 145/160 MP: 31/31
 26790 | Snake:5  | Reached skill level 17 in Shields
 27055 | Snake:5  | Got a serpentine rune of Zot
 27910 | Lair:4   | Got a pitted jade ring
 28363 | Lair:5   | Noticed Maud
 28373 | Lair:5   | Killed Maud
 28450 | Lair:5   | Noticed Harold
 28462 | Lair:5   | Killed Harold
 28518 | Lair:5   | Reached skill level 18 in Shields
 28745 | Lair:5   | Noticed Snorg
 28755 | Lair:5   | Killed Snorg
 29178 | Lair:6   | Identified the ring of Gozag's Reproof {+Fly Str+2 Slay+5 Stlth-} (You found it on level 4 of the Lair of Beasts)
 29180 | Lair:6   | Identified a scroll of acquirement
 29181 | Lair:6   | Got a bloodstained large shield
 29192 | Lair:6   | Identified the +6 large shield "Useis" {-Cast rElec rC- rN+ Regen+} (You acquired it on level 6 of the Lair of Beasts)
 30215 | Swamp:3  | Noticed Saint Roka
 30248 | Swamp:3  | Killed Saint Roka
 30720 | Swamp:4  | Reached skill level 19 in Shields
 31589 | Swamp:5  | Entered Level 5 of the Swamp
 31786 | Swamp:5  | Noticed the 27-headed Lernaean hydra
 31837 | Swamp:5  | Reached skill level 20 in Shields
 31985 | Swamp:5  | Killed the 26-headed Lernaean hydra
 31985 | Swamp:5  | Reached XP level 18. HP: 115/163 MP: 13/32
 32397 | Swamp:5  | Got a decaying rune of Zot
 34444 | Lair:8   | Entered Level 8 of the Lair of Beasts
 34488 | Lair:8   | Noticed Fannar
 34503 | Lair:8   | Killed Fannar
 34889 | Lair:8   | Found a staircase to the Slime Pits.
 35550 | Slime:1  | Entered Level 1 of the Pits of Slime
 36665 | Elf:1    | Entered Level 1 of the Elven Halls
 36711 | Elf:1    | Noticed a Brimstone Fiend
 36989 | Elf:1    | Reached skill level 21 in Shields
 37101 | Elf:1    | Noticed Rupert
 37112 | Elf:1    | Killed Rupert
 37621 | Elf:1    | Reached XP level 19. HP: 171/171 MP: 32/32
 38323 | Elf:2    | Noticed Kirke
 38339 | Elf:2    | Killed Kirke
 38727 | Elf:2    | Found a huge runed gate.
 38727 | Elf:2    | Found a huge runed gate.
 38727 | Elf:2    | Found a huge runed gate.
 39077 | Elf:2    | Reached skill level 1 in Dodging
 39452 | Elf:3    | Entered Level 3 of the Elven Halls
 39518 | Elf:3    | Found a flickering gateway to a bazaar.
 39526 | Bazaar   | Entered a bazaar
 39527 | Bazaar   | Found Peamyoh's Book Shop.
 39527 | Bazaar   | Found Uluthre's General Store.
 39528 | Bazaar   | Found Faykoec's Weapon Emporium.
 39559 | Bazaar   | Found Stroic Goruha's Gadget Emporium.
 39567 | Bazaar   | Bought a wand of invisibility (5) for 135 gold pieces
 39621 | Elf:3    | Reached skill level 5 in Dodging
 40202 | Elf:3    | Got an ancient glass ring
 40204 | Elf:3    | Identified the ring "Onuuh" {MR+ Int+3 Dex+4 Stlth+} (You took it off a deep elf sorcerer on level 3 of the Elven Halls)
 40392 | Elf:3    | Got an iridescent eveningstar
 40392 | Elf:3    | Got a brightly glowing glass ring
 40394 | Elf:3    | Identified the ring of Suspected Treachery {rC+ MP+9 Slay+3 Stlth+} (You took it off a deep elf high priest on level 3 of the Elven Halls)
 40400 | Elf:3    | Identified the cursed +0 eveningstar "Goblinbane" {vamp, rPois rC+ Dex+3} (You took it off a deep elf high priest on level 3 of the Elven Halls)
 40606 | Elf:3    | Got a translucent morningstar
 40651 | Elf:3    | Reached skill level 10 in Dodging
 40720 | Elf:3    | Gained mutation: Your body is slowly deteriorating. [a neqoxec]
 41063 | Elf:3    | Reached XP level 20. HP: 179/179 MP: 33/33
 41510 | Elf:3    | Got an encrusted ring mail
 41521 | Elf:3    | Identified the +1 ring mail of Disguise {Dex+6} (You found it on level 3 of the Elven Halls)
 41568 | Elf:3    | Identified the Reference Book on Twisted Augmentations (You found it on level 3 of the Elven Halls)
 41644 | Elf:3    | Found a portal to a secret trove of treasure.
 42072 | Lair:2   | Identified the +6 morningstar of Fedhas' Anger {freeze, Noisy +Rage rF+ rC- Int+2} (You took it off a deep elf demonologist on level 3 of the Elven Halls)
 42574 | D:12     | Killed an eight-headed hydra
 42587 | D:12     | Found Reopeab's Book Emporium.
 42650 | D:12     | Noticed a manticore
 42666 | D:12     | Killed a manticore
 42974 | D:12     | Noticed a cyclops
 42986 | D:12     | Killed a cyclops
 43344 | D:12     | Noticed an unseen horror
 43350 | D:12     | Killed an unseen horror
 44904 | D:14     | Gained mutation: You are clumsy. (Dex -2) [mutagenic meat]
 44905 | D:14     | Lost mutation: Armour fits poorly on your strangely shaped body. [mutagenic meat]
 44906 | D:14     | Gained mutation: Your muscles are strong. (Str +2) [mutagenic meat]
 44907 | D:14     | Gained mutation: Your spells are easier to cast, but less powerful. [mutagenic meat]
 44908 | D:14     | Gained mutation: You have an increased reservoir of magic (+10% MP). [mutagenic meat]
 44909 | D:14     | Lost mutation: You can spit poison. [mutagenic meat]
 44911 | D:14     | Lost mutation: Your body is slowly deteriorating. [mutagenic meat]
 44912 | D:14     | Gained mutation: Your muscles are very strong. (Str +4) [mutagenic meat]
 45476 | D:14     | Found a gate to the Vaults.
 45627 | D:15     | Entered Level 15 of the Dungeon
 45782 | D:15     | Noticed Azrael
 45801 | D:15     | Killed Azrael
 45802 | D:15     | Gained mutation: You are frail (-10% HP). [mutagenic meat]
 45803 | D:15     | Gained mutation: Your spells are much easier to cast, but much less powerful. [mutagenic meat]
 45804 | D:15     | Gained mutation: You are very clumsy. (Dex -4) [mutagenic meat]
 45805 | D:15     | Gained mutation: You are very frail (-20% HP). [mutagenic meat]
 45806 | D:15     | Lost mutation: You are very frail (-20% HP). [mutagenic meat]
 45929 | D:15     | Found a staircase to the Depths.
 45981 | Depths:1 | Entered Level 1 of the Depths
 46321 | Depths:1 | Found a gateway to Hell.
 46343 | Hell     | Entered the Vestibule of Hell
 46343 | Hell     | Noticed Geryon
 47189 | Hell     | Killed Geryon
 47301 | Hell     | Reached XP level 21. HP: 149/167 MP: 39/39
 47317 | Hell     | Found a gateway to the freezing wastes of Cocytus.
 47505 | Hell     | Found a gateway to the decaying netherworld of Tartarus.
 47673 | Hell     | Found a gateway to the ashen valley of Gehenna.
 47736 | Hell     | Found a gateway to the Iron City of Dis.
 49314 | Depths:1 | Identified the Papyrus of Damaging Intoxication
 49318 | Depths:1 | Gained mutation: You have large cloven feet. [potion of mutation]
 49318 | Depths:1 | Gained mutation: You are partially covered in rough black scales (AC +4, Dex -1). [potion of mutation]
 49451 | D:15     | Noticed Nergalle
 49459 | D:15     | Killed Nergalle
 52158 | Vaults:1 | Entered Level 1 of the Vaults
 52359 | Vaults:1 | Reached skill level 22 in Shields
 53036 | Vaults:1 | Lost mutation: You are frail (-10% HP). [mutagenic meat]
 53039 | Vaults:1 | Lost mutation: You are very clumsy. (Dex -4) [mutagenic meat]
 53074 | Vaults:1 | Found Miuxkit's Assorted Antiques.
 53301 | Vaults:2 | Found a magical portal.
 53342 | WizLab   | Entered The Roulette of Golubria
 53346 | WizLab   | Found a corrupted altar of Lugonu.
 53358 | WizLab   | Reached XP level 22. HP: 193/193 MP: 40/40
 53700 | WizLab   | Found a corrupted altar of Lugonu.
 53932 | WizLab   | Reached skill level 15 in Dodging
 53977 | WizLab   | Got a steaming cloak
 53988 | WizLab   | Identified the cursed -2 cloak of Esaroocki {Dex+4} (You found it in a wizard's laboratory)
 54014 | WizLab   | Got a jewelled cloak
 54133 | WizLab   | Identified the +1 cloak of Light {-Tele Str+3 Dex+5} (You found it in a wizard's laboratory)
 55783 | Slime:3  | Reached skill level 23 in Shields
 57217 | Slime:6  | Entered Level 6 of the Pits of Slime
 57237 | Slime:6  | Noticed Kloppie's ghost (great MiBe)
 57269 | Slime:6  | Noticed RepoMan's ghost (great MiWr)
 57315 | Slime:6  | Killed RepoMan's ghost
 57455 | Slime:6  | Noticed the royal jelly
 57461 | Slime:6  | Killed the royal jelly
 57494 | Slime:6  | Killed Kloppie's ghost
 57494 | Slime:6  | Reached skill level 24 in Shields
 57545 | Slime:6  | Reached XP level 23. HP: 204/204 MP: 27/41
 57618 | Slime:6  | Got a slimy rune of Zot
 57736 | Slime:6  | Got a smoking lead amulet
 57739 | Slime:6  | Identified the amulet of Levuc {rCorr rC++ Str-3 Int+3} (You found it on level 6 of the Pits of Slime)
 57745 | Slime:6  | Gained mutation: Scrolls take you a little longer to read. [potion of mutation]
 57745 | Slime:6  | Lost mutation: You have an increased reservoir of magic (+10% MP). [potion of mutation]
 57748 | Slime:6  | Identified the Almanac of the Glacier
 58624 | Vaults:2 | Gained mutation: Your natural rate of healing is unusually fast. [mutagenic meat]
 58732 | Vaults:2 | Found a staircase to the Crypt.
 59179 | Crypt:1  | Entered Level 1 of the Crypt
 59194 | Crypt:1  | Noticed Sojobo
 59214 | Crypt:1  | Killed Sojobo
 59230 | Crypt:1  | Noticed Mara
 59248 | Crypt:1  | Noticed blider's illusion
 59478 | Crypt:1  | Noticed blider's illusion
 59766 | Crypt:1  | Killed Mara
 59766 | Crypt:1  | Reached skill level 25 in Shields
 59924 | Crypt:1  | Noticed a greater mummy
 59925 | Crypt:1  | Noticed Khufu
 59932 | Crypt:1  | Killed a greater mummy
 59940 | Crypt:1  | Killed Khufu
 60677 | Vaults:3 | Found Fome's Antique Weapon Emporium.
 60681 | Vaults:3 | Found Clarham's Armour Shop.
 60703 | Vaults:3 | Noticed Jory
 60710 | Vaults:3 | Noticed Wiglaf
 60723 | Vaults:3 | Killed Jory
 60743 | Vaults:3 | Killed Wiglaf
 60829 | Vaults:3 | Got an ancient shield
 60832 | Vaults:3 | Identified the +5 shield "Kouttor" {Stlth+} (You took it off Wiglaf on level 3 of the Vaults)
 61198 | Vaults:3 | Found a white marble altar of Elyvilon.
 61589 | Vaults:3 | Noticed Xtahua
 61599 | Vaults:3 | Killed Xtahua
 61743 | Vaults:3 | Found Ykalai's Book Shop.
 61865 | Vaults:4 | Got a scorched platinum amulet
 61923 | Vaults:4 | Identified the amulet "Ohecwugh" {Faith -Tele rPois rN+ MR+ Int+4} (You found it on level 4 of the Vaults)
 61942 | Vaults:4 | Paralysed by a great orb of eyes for 5 turns
 62659 | Depths:1 | Reached XP level 24. HP: 212/212 MP: 39/39
 63470 | Vaults:4 | Noticed Frederick
 63471 | Vaults:4 | Noticed Frances
 63481 | Vaults:4 | Killed Frederick
 63487 | Vaults:4 | Killed Frances
 64044 | Depths:2 | Found a one-way gate to the infinite horrors of the Abyss.
 64407 | Depths:2 | Got an encrusted morningstar
 64411 | Depths:2 | Got a crystal war axe
 64424 | Depths:2 | Got a brightly glowing ring mail
 64435 | Depths:2 | Got a bloodstained eveningstar
 64436 | Depths:2 | Identified the +6 eveningstar of Ashenzari's Delight {freeze, rElec MP+9 Stlth+} (You found it on level 2 of the Depths)
 64437 | Depths:2 | Identified the +7 war axe of Veill {venom, Noisy Str+4 Dex+2} (You found it on level 2 of the Depths)
 64438 | Depths:2 | Identified the +6 morningstar "Phuefufu" {elec, +Rage rPois rC- rN+ Stlth+} (You found it on level 2 of the Depths)
 64828 | Vaults:4 | Got a twisted plate armour
 64839 | Vaults:4 | Identified the +0 plate armour of Stroefai {rElec rN+} (You found it on level 4 of the Vaults)
 64849 | Vaults:4 | Identified the +0 ring mail of the Morning {MP+9} (You found it on level 2 of the Depths)
 64954 | Vaults:5 | Entered Level 5 of the Vaults
 65124 | Vaults:5 | Noticed Peloso's ghost (great MiFi)
 65158 | Vaults:5 | Noticed an ancient lich
 65215 | Vaults:5 | Reached XP level 25. HP: 150/218 MP: 40/40
 65217 | Vaults:5 | Killed an ancient lich
 65501 | Vaults:5 | Killed Peloso's ghost
 65822 | Vaults:5 | Got a wavering copper ring
 65911 | Vaults:5 | Identified the ring "Psaol" {+Fly Stlth+} (You found it on level 5 of the Vaults)
 66181 | Vaults:5 | Found Exevaeje's Antique Armour Shop.
 66226 | Vaults:5 | Bought a glowing pearl dragon armour for 2800 gold pieces
 66509 | Vaults:5 | Got a silver rune of Zot
 66542 | Vaults:5 | Paralysed by a sphinx for 7 turns
 66909 | Hell     | Identified a +2 rod of ignition (13/13) (You took it off a vault sentinel on level 5 of the Vaults)
 67531 | Crypt:2  | Noticed Donald
 67537 | Crypt:2  | Killed Donald
 68285 | Crypt:3  | Entered Level 3 of the Crypt
 68447 | Crypt:3  | Found a basalt altar of Yredelemnul.
 68639 | Crypt:3  | Found a staircase to the Tomb.
 68639 | Crypt:3  | Noticed an ancient lich
 68646 | Crypt:3  | Killed an ancient lich
 68668 | Crypt:3  | Identified the Volume of Unholy Rituals
 68672 | Crypt:3  | Identified the Catalogue of Earthen Illusion
 68839 | Crypt:3  | Reached XP level 26. HP: 227/234 MP: 41/41
 68860 | Crypt:3  | Got a warped platinum ring
 68860 | Crypt:3  | Got a faintly glowing marble ring
 68860 | Crypt:3  | Got a faintly glowing silver ring
 69221 | Crypt:3  | Got a warped scale mail
 69224 | Crypt:3  | Identified the cursed -1 scale mail of Twias {-Cast +Inv rC++ rCorr} (You found it on level 3 of the Crypt)
 69240 | Crypt:3  | Identified the ring "Bysos" {rN+ SInv} (You found it on level 3 of the Crypt)
 69242 | Crypt:3  | Identified the ring "Teotetta" {rPois rN+ MR- Dex+5} (You found it on level 3 of the Crypt)
 69245 | Crypt:3  | Identified the ring "Nurride" {rPois rN+ MP-9 Dex+2 Slay-5 SInv} (You found it on level 3 of the Crypt)
 69315 | Tomb:1   | Entered Level 1 of the Tomb of the Ancients
 69466 | Tomb:1   | Paralysed by a sphinx for 3 turns
 69490 | Tomb:1   | Paralysed by a sphinx for 2 turns
 71650 | Tomb:2   | Reached skill level 5 in Evocations
 73062 | Tomb:1   | Reached skill level 10 in Evocations
 73062 | Tomb:1   | Reached XP level 27. HP: 145/234 MP: 42/42
 74253 | Tomb:3   | Entered Level 3 of the Tomb of the Ancients
 76078 | Tomb:3   | Noticed an ancient lich
 76091 | Tomb:3   | Killed an ancient lich
 76121 | Tomb:3   | Got a golden rune of Zot
 76395 | Tomb:3   | Got a spiked chain mail
 76398 | Tomb:3   | Identified the +1 chain mail of the Clam {rPois Regen+ Int+2} (You found it on level 3 of the Tomb of the Ancients)
 76523 | Tomb:3   | Identified the Catalogue of Warped Shape Shifting
 76529 | Tomb:3   | Got a slimy steel ring
 76596 | Tomb:3   | Got a glittering ruby amulet
 76613 | Tomb:3   | Got a scorched flail
 76666 | Tomb:3   | Identified the amulet of Huusk {rC+ Regen+} (You found it on level 3 of the Tomb of the Ancients)
 76668 | Tomb:3   | Identified the ring of Xom's Whimsicality {SustAb rN+ Int-3 Stlth+} (You found it on level 3 of the Tomb of the Ancients)
 76670 | Tomb:3   | Identified the +3 flail of the Ancient Seas {antimagic, -Cast +Inv rN+ Int+3} (You found it on level 3 of the Tomb of the Ancients)
 78799 | Tar:1    | Entered Level 1 of Tartarus
 78799 | Tar:1    | Found a gateway to Hell.
 78974 | Tar:2    | Found a gateway to Hell.
 78993 | Tar:2    | Found a gateway to Hell.
 79010 | Tar:3    | Found a gateway to Hell.
 79033 | Tar:3    | Found a gateway to Hell.
 79050 | Tar:4    | Found a gateway to Hell.
 79051 | Tar:4    | Found a gateway to Hell.
 79094 | Tar:4    | Found a gateway to Hell.
 79381 | Tar:5    | Found a gateway to Hell.
 79450 | Tar:5    | Found a gateway to Hell.
 79510 | Tar:5    | Found a gateway to Hell.
 79956 | Tar:6    | Found a gateway to Hell.
 80081 | Tar:6    | Found a gateway to Hell.
 80281 | Tar:6    | Reached skill level 26 in Invocations
 80454 | Tar:2    | Found a gateway to Hell.
 80709 | Tar:3    | Found a gateway to Hell.
 80914 | Tar:4    | Found a gateway to Hell.
 80943 | Tar:5    | Found a gateway to Hell.
 81056 | Tar:6    | Found a gateway to Hell.
 81138 | Tar:7    | Entered Level 7 of Tartarus
 81138 | Tar:7    | Found a gateway to Hell.
 81160 | Tar:7    | Gained mutation: Scrolls take you longer to read. [a neqoxec]
 81418 | Tar:7    | Found a gateway to Hell.
 81482 | Tar:7    | Found a gateway to Hell.
 81613 | Tar:7    | Reached skill level 27 in Invocations
 82684 | Tar:7    | Noticed Ereshkigal
 82691 | Tar:7    | Paralysed by Ereshkigal for 2 turns
 82710 | Tar:7    | Paralysed by Ereshkigal for 3 turns
 82758 | Tar:7    | Killed Ereshkigal
 82841 | Tar:7    | Identified Sif Muna's Guide on Orientation
 82849 | Tar:7    | Got a bone rune of Zot
 83291 | Coc:1    | Entered Level 1 of Cocytus
 83291 | Coc:1    | Found a gateway to Hell.
 83485 | Coc:2    | Found a gateway to Hell.
 83599 | Coc:2    | Found a gateway to Hell.
 83652 | Coc:3    | Found a gateway to Hell.
 83845 | Coc:3    | Found a gateway to Hell.
 84252 | Coc:4    | Found a gateway to Hell.
 84306 | Coc:4    | Found a gateway to Hell.
 84420 | Coc:4    | Found a gateway to Hell.
 84428 | Coc:5    | Found a gateway to Hell.
 84506 | Coc:5    | Found a gateway to Hell.
 84632 | Coc:6    | Found a gateway to Hell.
 84786 | Coc:2    | Found a gateway to Hell.
 85041 | Coc:3    | Found a gateway to Hell.
 85109 | Coc:4    | Found a gateway to Hell.
 85144 | Coc:5    | Found a gateway to Hell.
 85244 | Coc:6    | Found a gateway to Hell.
 85576 | Coc:2    | Found a gateway to Hell.
 85730 | Coc:6    | Found a gateway to Hell.
 85766 | Coc:7    | Entered Level 7 of Cocytus
 85766 | Coc:7    | Found a gateway to Hell.
 85766 | Coc:7    | Found a gateway to Hell.
 85766 | Coc:7    | Found a gateway to Hell.
 86672 | Coc:7    | Reached skill level 15 in Evocations
 86911 | Coc:7    | Noticed Antaeus
 86965 | Coc:7    | Killed Antaeus
 87020 | Coc:7    | Got an icy rune of Zot
 87025 | Coc:7    | Identified Sif Muna's Catalogue of Floating Attacks
 87643 | Depths:2 | Found a runed door.
 88266 | Depths:3 | Got a transparent glass ring
 88335 | Depths:3 | Got a dazzling demon blade
 88359 | Depths:3 | Identified the +5 demon blade "Griusyeg" {elec, +Fly rF- rC+} (You took it off a vampire knight on level 3 of the Depths)
 88361 | Depths:3 | Identified the ring of the Enemy {-Cast +Fly rF+ MR+ Stlth+} (You took it off a yaktaur on level 3 of the Depths)
 88622 | Depths:3 | Found a one-way gate leading to the halls of Pandemonium.
 89250 | Depths:4 | Found a gateway to a ziggurat.
 89357 | Depths:4 | Found a runed door.
 89381 | Depths:4 | Got a polished dire flail
 89477 | Depths:4 | Identified the +2 dire flail "Hifalenk" {pain, rElec rN+ Dex+2} (You found it on level 4 of the Depths)
 89804 | Depths:4 | Found a runed door.
 89883 | Depths:4 | Found a runed door.
 89938 | Depths:4 | Found a glowing silver altar of Zin.
 89938 | Depths:4 | Found a runed door.
 89940 | Depths:4 | Found a runed door.
 90106 | Depths:5 | Entered Level 5 of the Depths
 90139 | Depths:5 | Noticed the Enchantress
 90147 | Depths:5 | Killed the Enchantress
 90555 | Depths:5 | Paralysed by a lich for 5 turns
 90712 | Depths:5 | Found a gate to the Realm of Zot.
 91192 | Geh:1    | Entered Level 1 of Gehenna
 91258 | Geh:1    | Reached skill level 1 in Maces & Flails
 91579 | Geh:1    | Reached skill level 5 in Maces & Flails
 92212 | Geh:4    | Reached skill level 27 in Dodging
 92340 | Geh:5    | Reached skill level 10 in Maces & Flails
 92971 | Geh:7    | Entered Level 7 of Gehenna
 94153 | Geh:7    | Identified Sif Muna's Guide on the Traveller
 94177 | Geh:7    | Noticed Asmodeus
 94186 | Geh:7    | Killed Asmodeus
 94199 | Geh:7    | Got an obsidian rune of Zot
 94415 | Zot:1    | Entered Level 1 of the Realm of Zot
 94529 | Dis:1    | Entered Level 1 of the Iron City of Dis
 94680 | Zot:1    | Reached skill level 27 in Shields
 97811 | Dis:4    | Reached skill level 27 in Armour
 98163 | Dis:7    | Entered Level 7 of the Iron City of Dis
 99677 | Dis:7    | Noticed the Serpent of Hell
 99760 | Dis:7    | Killed the Serpent of Hell
100463 | Dis:7    | Got a flickering lead ring
100465 | Dis:7    | Identified the Papyrus of the Captivating Entourage
100470 | Dis:7    | Identified the ring "Ipnoaggu" {+cTele Int+10 Dex-3} (You found it on level 7 of the Iron City of Dis)
100487 | Dis:7    | Got a scintillating silver ring
100490 | Dis:7    | Identified the ring "Twiemon" {rElec rPois MR- Str+4 Stlth-} (You found it on level 7 of the Iron City of Dis)
100525 | Dis:7    | Reached skill level 27 in Fighting
100535 | Dis:7    | Got an ancient glass ring
100538 | Dis:7    | Identified the ring "Odonwi" {+Inv rF- rC+ Int+2 SInv} (You found it on level 7 of the Iron City of Dis)
100712 | Dis:7    | Noticed Dispater
100766 | Dis:7    | Killed Dispater
100947 | Dis:7    | Got an iron rune of Zot
100950 | Dis:7    | Got a pitted golden ring
101073 | Dis:7    | Reached skill level 15 in Maces & Flails
101116 | Hell     | Identified the ring "Michuluk" {MP+9 Str+4 Int+3 Dex+3} (You found it on level 7 of the Iron City of Dis)
101412 | Depths:2 | Got a flickering jade amulet
101415 | Depths:2 | Identified the amulet "Ziuduz" {Gourm Str+6 Int+3} (You found it on level 2 of the Depths)
102014 | Pan      | Entered Pandemonium
102023 | Pan      | Noticed Uporiplynk the pandemonium lord
102037 | Pan      | Killed Uporiplynk the pandemonium lord
102073 | Pan      | Got a demonic rune of Zot
102098 | Pan      | Found an exit through the horrors of the Abyss.
102531 | Pan      | Noticed Icluzoca the pandemonium lord
102553 | Pan      | Killed Icluzoca the pandemonium lord
102964 | Pan      | Found a white marble altar of Elyvilon.
103696 | Pan      | Got a smoking large shield
103707 | Pan      | Identified the cursed -2 large shield of a wizard's laboratory {SInv Stlth+} (You took it off a daeva in Pandemonium)
103707 | Pan      | Found a glowing silver altar of Zin.
104263 | Pan      | Got a pitted scale mail
104266 | Pan      | Identified the cursed -1 scale mail of Focus {Str+5 Dex+2} (You took it off an angel in Pandemonium)
104315 | Pan      | Noticed a seraph
104330 | Pan      | Killed a seraph
104351 | Pan      | Found a glowing golden altar of the Shining One.
104622 | Depths:3 | Escaped Pandemonium
104739 | Pan      | Entered Pandemonium
104751 | Pan      | Gained mutation: Armour fits poorly on your strangely shaped body. [a neqoxec]
104802 | Pan      | Found an exit through the horrors of the Abyss.
104862 | Pan      | Noticed Udolis the pandemonium lord
104906 | Pan      | Killed Udolis the pandemonium lord
105036 | Pan      | Found an exit through the horrors of the Abyss.
105339 | Pan      | Noticed Dudgh the pandemonium lord
105352 | Pan      | Killed Dudgh the pandemonium lord
105483 | Pan      | Found an exit through the horrors of the Abyss.
105608 | Pan      | Noticed Klokot the pandemonium lord
105672 | Pan      | Paralysed by Klokot for 2 turns
105678 | Pan      | Killed Klokot the pandemonium lord
106141 | Pan      | Noticed Moraycebe the pandemonium lord
106143 | Pan      | Paralysed by Moraycebe for 5 turns
106166 | Pan      | Killed Moraycebe the pandemonium lord
106303 | Pan      | Noticed Qaarorir the pandemonium lord
106314 | Pan      | Killed Qaarorir the pandemonium lord
106647 | Pan      | Noticed Fudounu the pandemonium lord
106662 | Pan      | Killed Fudounu the pandemonium lord
106933 | Pan      | Noticed Schitakh the pandemonium lord
106951 | Pan      | Killed Schitakh the pandemonium lord
107207 | Pan      | Found an exit through the horrors of the Abyss.
107229 | Pan      | Entered the realm of Gloorx Vloq.
107470 | Pan      | Noticed Gloorx Vloq
107483 | Pan      | Killed Gloorx Vloq
107498 | Pan      | Got a dark rune of Zot
107708 | Pan      | Reached skill level 27 in Evocations
107728 | Pan      | Reached skill level 1 in Stealth
107758 | Pan      | Lost mutation: You are clumsy. (Dex -2) [potion of beneficial mutation]
107949 | Pan      | Noticed Strom the pandemonium lord
107951 | Pan      | Reached skill level 5 in Stealth
107960 | Pan      | Killed Strom the pandemonium lord
108373 | Pan      | Found an exit through the horrors of the Abyss.
108582 | Pan      | Noticed Ghuepra the pandemonium lord
108592 | Pan      | Killed Ghuepra the pandemonium lord
108608 | Pan      | Reached skill level 10 in Stealth
108649 | Pan      | Entered the realm of Lom Lobon.
108810 | Pan      | Found an exit through the horrors of the Abyss.
108974 | Pan      | Reached skill level 1 in Throwing
109379 | Pan      | Noticed Lom Lobon
109386 | Pan      | Reached skill level 5 in Throwing
109424 | Pan      | Killed Lom Lobon
109439 | Pan      | Got a magical rune of Zot
109809 | Pan      | Noticed Bud Ecu the pandemonium lord
109817 | Pan      | Reached skill level 10 in Throwing
109817 | Pan      | Killed Bud Ecu the pandemonium lord
110025 | Pan      | Found an exit through the horrors of the Abyss.
110040 | Pan      | Got a faintly humming chain mail
110043 | Pan      | Identified the cursed -5 chain mail of the Hot Ocelot {-Tele rF+ MP+9 Str+2 Int-4} (You found it in Pandemonium)
110075 | Pan      | Noticed Puikluav the pandemonium lord
110092 | Pan      | Killed Puikluav the pandemonium lord
110182 | Pan      | Found an exit through the horrors of the Abyss.
110656 | Pan      | Found an exit through the horrors of the Abyss.
110690 | Pan      | Entered the realm of Mnoleg.
110713 | Pan      | Gained mutation: You are frail (-10% HP). [a neqoxec]
110726 | Pan      | Lost mutation: Armour fits poorly on your strangely shaped body. [potion of mutation]
110726 | Pan      | Gained mutation: Scrolls take you much longer to read. [potion of mutation]
110908 | Pan      | Lost mutation: Scrolls take you much longer to read. [a neqoxec]
110997 | Pan      | Found an exit through the horrors of the Abyss.
111203 | Pan      | Lost mutation: You are partially covered in rough black scales (AC +4, Dex -1). [mutagenic meat]
111205 | Pan      | Gained mutation: You have difficulty communicating with the divine. [mutagenic meat]
111275 | Pan      | Got a pair of shimmering gloves
111286 | Pan      | Identified the +1 pair of gloves of the Vaults {-Tele rElec rF+ rC++} (You found it in Pandemonium)
111392 | Pan      | Reached skill level 15 in Throwing
111402 | Pan      | Lost mutation: Your spells are much easier to cast, but much less powerful. [mutagenic meat]
111429 | Pan      | Gained mutation: You are very frail (-20% HP). [a neqoxec]
111472 | Pan      | Lost mutation: You are very frail (-20% HP). [mutagenic meat]
111473 | Pan      | Lost mutation: Your muscles are very strong. (Str +4) [mutagenic meat]
111475 | Pan      | Lost mutation: Your muscles are strong. (Str +2) [mutagenic meat]
111523 | Pan      | Lost mutation: You have large cloven feet. [mutagenic meat]
111559 | Pan      | Noticed Mnoleg
111585 | Pan      | Killed Mnoleg
111594 | Pan      | Got a glowing rune of Zot
111835 | Pan      | Noticed Twof the pandemonium lord
111845 | Pan      | Killed Twof the pandemonium lord
111893 | Pan      | Found an exit through the horrors of the Abyss.
111977 | Pan      | Found an exit through the horrors of the Abyss.
112174 | Pan      | Found an exit through the horrors of the Abyss.
112451 | Pan      | Entered the realm of Cerebov.
112861 | Pan      | Found an exit through the horrors of the Abyss.
112940 | Pan      | Got an ancient scale mail
112943 | Pan      | Identified the +6 scale mail "Lonot" {MP+9 Int+2} (You took it off a gelid demonspawn in Pandemonium)
112944 | Pan      | Got a transparent ring mail
112947 | Pan      | Identified the +3 ring mail "Jymiotit" {rF+ rN++ MR- Regen+ Int-2} (You took it off a warmonger in Pandemonium)
113034 | Pan      | Noticed Cerebov
113063 | Pan      | Killed Cerebov
113089 | Pan      | Got a fiery rune of Zot
113144 | Pan      | Got a coiled wooden ring
113193 | Pan      | Identified the Tome of Enchantment
113196 | Pan      | Got a dazzling war axe
113297 | Pan      | Identified the ring "Ypuejist" {rC+ rN+ Str+4 Int-3 Slay+2} (You found it in Pandemonium)
113314 | Pan      | Identified the cursed +0 war axe of Sloth {flame, rF- Dex+2 Stlth+} (You found it in Pandemonium)
113450 | Depths:3 | Escaped Pandemonium
113510 | Hell     | Gained mutation: You passively map a small area around you. [potion of mutation]
113510 | Hell     | Lost mutation: Your natural rate of healing is unusually fast. [potion of mutation]
113512 | Hell     | Lost mutation: You have difficulty communicating with the divine. [potion of cure mutation]
113512 | Hell     | Lost mutation: You are frail (-10% HP). [potion of cure mutation]
113512 | Hell     | Lost mutation: Your spells are easier to cast, but less powerful. [potion of cure mutation]
113512 | Hell     | Lost mutation: You passively map a small area around you. [potion of cure mutation]
113512 | Hell     | Lost mutation: Scrolls take you longer to read. [potion of cure mutation]
113513 | Hell     | Lost mutation: Your spells are a little easier to cast, but a little less powerful. [potion of mutation]
113513 | Hell     | Gained mutation: You have a pair of large horns on your head. [potion of mutation]
113668 | Depths:5 | Voluntarily entered the Abyss.
113739 | Abyss:2  | Found a corrupted altar of Lugonu.
114185 | Abyss:3  | Found a corrupted altar of Lugonu.
114612 | Abyss:3  | Found a corrupted altar of Lugonu.
114624 | Abyss:3  | Got an abyssal rune of Zot
114725 | Depths:5 | Escaped the Abyss
115335 | Zot:1    | Noticed an orb of fire
115348 | Zot:1    | Killed an orb of fire
115771 | Zot:2    | Noticed an orb of fire
115781 | Zot:2    | Killed an orb of fire
115915 | Zot:2    | Got a flickering lapis lazuli ring
115976 | Zot:2    | Identified the ring "Ghogesmeri" {rF+ MP+9} (You took it off a white draconian on level 2 of the Realm of Zot)
116485 | Zot:3    | Noticed an orb of fire
116506 | Zot:3    | Killed an orb of fire
116971 | Hell     | Gained mutation: Your spells are a little harder to cast, but a little more powerful. [potion of beneficial mutation]
116972 | Hell     | Gained mutation: You evolve. [potion of beneficial mutation]
116973 | Hell     | Gained mutation: Your spells are harder to cast, but more powerful. [potion of beneficial mutation]
117667 | Zot:5    | Entered Level 5 of the Realm of Zot
117674 | Zot:5    | Noticed an orb of fire
117677 | Zot:5    | Noticed an orb of fire
117695 | Zot:5    | Noticed an ancient lich
117695 | Zot:5    | Killed an orb of fire
117705 | Zot:5    | Killed an orb of fire
117716 | Zot:5    | Killed an ancient lich
117720 | Zot:5    | Noticed an orb of fire
117722 | Zot:5    | Gained mutation: You are frail (-10% HP). [an orb of fire]
117738 | Zot:5    | Killed an orb of fire
117759 | Zot:5    | Noticed an orb of fire
117771 | Zot:5    | Killed an orb of fire
117957 | Zot:5    | Noticed an orb of fire
117966 | Zot:5    | Gained mutation: Your body is slowly deteriorating. [an orb of fire]
117969 | Zot:5    | Killed an orb of fire
117975 | Zot:5    | Lost mutation: You have a pair of large horns on your head. [helix card]
117977 | Zot:5    | Noticed an orb of fire
117990 | Zot:5    | Gained mutation: You are clumsy. (Dex -2) [an orb of fire]
117999 | Zot:5    | Killed an orb of fire
118063 | Zot:5    | Reached skill level 27 in Throwing
118067 | Zot:5    | Reached skill level 1 in Spellcasting
118716 | Zot:5    | Got the Orb of Zot
118851 | Zot:1    | Reached skill level 5 in Spellcasting
118941 | Depths:3 | Noticed a seraph
118943 | Depths:3 | Killed a seraph
119049 | Depths:1 | Noticed Feustyas the pandemonium lord
119076 | Depths:1 | Killed Feustyas the pandemonium lord
119384 | D:3      | Gained mutation: Potions and wands are less effective at restoring your health. [a cacodemon]
119430 | D:$      | Escaped with the Orb!

Action                   |  1- 3 |  4- 6 |  7- 9 | 10-12 | 13-15 | 16-18 | 19-21 | 22-24 | 25-27 || total
-------------------------+-------+-------+-------+-------+-------+-------+-------+-------+-------++-------
Melee: War axe           |   119 |   130 |   371 |   837 |  1562 |  1497 |  1209 |   271 |  6480 || 12476
       Hand axe          |       |       |       |    45 |    47 |   164 |       |       |       ||   256
       Spear             |       |       |       |    13 |       |       |       |       |       ||    13
       Whip              |       |       |       |     9 |       |       |       |       |       ||     9
       Scimitar          |       |       |       |       |     9 |       |       |       |       ||     9
       Broad axe         |       |       |       |       |       |    48 |       |  1023 |       ||  1071
       Eveningstar       |       |       |       |       |       |       |   726 |       |    11 ||   737
       Demon whip        |       |       |       |       |       |       |       |     3 |       ||     3
       Morningstar       |       |       |       |       |       |       |       |    12 |  3126 ||  3138
       Sacred scourge    |       |       |       |       |       |       |       |       |  3276 ||  3276
Throw: Stone             |       |     3 |     4 |    16 |       |       |       |       |       ||    23
       Tomahawk          |       |       |       |       |    14 |       |     8 |       |    19 ||    41
Invok: Upheaval          |       |       |       |       |     6 |     6 |       |     5 |    12 ||    29
       Elemental Force   |       |       |       |       |     1 |       |       |     2 |       ||     3
       Disaster Area     |       |       |       |       |       |     4 |     2 |     8 |    14 ||    28
 Abil: Evoke Flight      |       |       |       |       |     1 |     1 |       |       |     2 ||     4
       Stop Flying       |       |       |       |       |       |       |       |       |     2 ||     2
Evoke: Wand              |       |       |       |     9 |       |       |       |     4 |    13 ||    26
       Deck              |       |       |       |       |       |       |       |       |    12 ||    12
  Use: Scroll            |       |     1 |       |    11 |    11 |     7 |     6 |     7 |    74 ||   117
       Potion            |       |       |     2 |    13 |     7 |     9 |     5 |     3 |    49 ||    88
 Stab: Distracted        |       |       |       |       |       |       |       |       |     2 ||     2
       Held in net/web   |       |       |       |       |       |       |       |       |     1 ||     1
  Eat: Chunk             |     2 |     4 |    11 |    25 |    51 |    50 |   117 |    42 |   150 ||   452
       Fruit             |       |       |       |       |     2 |       |       |       |     6 ||     8
       Bread ration      |       |       |       |       |     1 |       |       |       |     3 ||     4
       Beef jerky        |       |       |       |       |     1 |       |       |       |    10 ||    11
       Pizza             |       |       |       |       |       |     1 |     1 |       |     7 ||     9
       Meat ration       |       |       |       |       |       |       |     1 |     1 |    10 ||    12
       Royal jelly       |       |       |       |       |       |       |       |       |     1 ||     1
